Cogmind - Beta 15 --- EXPLORER MODE // 2025.10.05 @ 21:07:52 Player: Crusang Result: Destroyed by 0G-GI1(R) with Subdweller Laser Performance ------------- Evolutions (0) 0 Regions Visited (3) 600 Robots Destroyed (5) 25 Value Destroyed (134) 134 Prototype IDs (0) 0 Alien Tech Used (0) 0 Bonus (0) 0 TOTAL SCORE: 759 Bonus ------- None Cogmind --------- Core Integrity 0/250 Matter 295/300 Energy 200/200 System Corruption 0% Temperature Cool (12) Movement Walking (260) Ox2 Location -10/Subcaves Parts ------- > --- POWER (2) -------- Subdweller Power Source > --- PROPULSION (2) --- Aluminum Leg > --- UTILITY (2) ------ Large Storage Unit > --- WEAPON (2) ------- Small Laser > --- INVENTORY (15) --- Medium Storage Unit Targeting Computer Light Armor Plating Datajack Scrap Shield Fragment (50) Scrap Shield Fragment (43) Peak State ------------ > --- POWER ------------ Light Ion Engine Subdweller Power Source > --- PROPULSION ------- Aluminum Leg Aluminum Leg > --- UTILITY ---------- Large Storage Unit > --- WEAPON ----------- Small Laser Small Laser > --- INVENTORY -------- Aluminum Leg Medium Storage Unit Targeting Computer ECM Suite Light Armor Plating Datajack Scrap Shield Fragment Scrap Shield Fragment [Rating: 9] Favorites ----------- Power Light Ion Engine Engine Light Ion Engine Propulsion Aluminum Leg Leg Aluminum Leg Utility Terrain Scanner Device Terrain Scanner Storage Large Storage Unit Protection Core Shielding Weapon Small Laser Energy Gun Small Laser Special Melee Weapon Datajack Build | -11 -10 -10 -10 ------- Run | Yrd Mat Min Sub Slots Evolved 1 | . 1 . . Power 1 | . 1 . . Propulsion . | . . . . Utility . | . . . . Weapon . | . . . . Parts Attached 15 | 8 4 1 2 Power 4 | 1 2 . 1 Engine 4 | 1 2 . 1 Core . | . . . . Reactor . | . . . . Propulsion 3 | 2 . 1 . Treads . | . . . . Leg 3 | 2 . 1 . Wheel . | . . . . Hover . | . . . . Flight . | . . . . Utility 5 | 3 1 . 1 Device 2 | 1 . . 1 Storage 2 | 1 1 . . Processor . | . . . . Hackware . | . . . . Protection 1 | 1 . . . Artifact . | . . . . Weapon 3 | 2 1 . . Energy Gun 2 | 2 . . . Energy Cannon . | . . . . Ballistic Gun . | . . . . Ballistic Cannon . | . . . . Launcher . | . . . . Special Weapon . | . . . . Impact Weapon . | . . . . Slashing Weapon . | . . . . Piercing Weapon . | . . . . Special Melee Weapon 1 | . 1 . . Unidentified Prototypes . | . . . . Parts Lost 8 | . 1 . 7 Power 3 | . 1 . 2 Propulsion 2 | . . . 2 Utility 2 | . . . 2 Weapon 1 | . . . 1 Highest Loss Streak 5 | . 1 . 5 To Critical Strikes . | . . . . Average Backups 4 | . 4 5 5 Power . | . . . . Propulsion . | . . . . Utility 3 | . 2 4 3 Weapon . | . . . . Tool/Special . | . . . . Unused Backups 2 | . . . 2 Power . | . . . . Propulsion . | . . . . Utility 2 | . . . 2 Weapon . | . . . . Tool/Special . | . . . . Average Slot Usage (%) 90 | . 89 100 85 Engine 19 | . 14 25 20 Leg 24 | . 25 25 22 Device 10 | . 12 12 7 Storage 12 | . 12 12 12 Energy Gun 22 | . 20 25 22 Special Melee Weapon 1 | . 3 . . Peak Build Rating 9 | 7 8 8 9 Average Rating 7 | 4 7 8 7 On Entrance 5 | . 7 8 8 Naked Turns . | . . . . Heaviest Build 31 | 18 29 29 31 Greatest Support 20 | 20 20 20 20 Greatest Overweight (x) 10 | 5 1 1 10 Average Overweight (x) . | 1 . 1 1 Largest Inventory Capacity 15 | 10 15 15 15 Average Capacity 12 | 8 10 15 15 Most Carried 8 | 2 5 6 8 Average Carried 4 | . 4 5 6 Final Capacity 15 | 10 15 15 15 Final Carried 6 | 2 5 6 6 Class Distribution -------------------- 100% | Hacker-Mutant Dominant Class ---------------- Hacker-Mutant | -10/Materials Hacker-Mutant | -10/Mines Hacker-Mutant | -10/Subcaves Resources | -11 -10 -10 -10 ----------- Run | Yrd Mat Min Sub Matter Collected 347 | 102 83 145 17 Remotely . | . . . . Salvage Created 166 | . 33 46 87 Parts 15 | . 7 2 6 Haulers Intercepted . | . . . . Recyclers Shooed 1 | 1 . . . Parts Field Recycled . | . . . . Retrieved Matter . | . . . . Parts Self-Destructed . | . . . . Prevented . | . . . . Kills | -11 -10 -10 -10 ------- Run | Yrd Mat Min Sub Combat Hostiles Destroyed 5 | . 2 1 2 Guns 5 | . 2 1 2 Classes Destroyed 3 | . 1 1 1 Swarmer 2 | . 2 . . Grunt 1 | . . 1 . Subdweller 2 | . . . 2 Best Kill Streak 2 | . 2 1 1 Combat Bots Only 2 | . 2 1 1 Max Kills in Single Turn 1 | . 1 1 1 Gunslinging . | . . . . Exploded . | . . . . Melee . | . . . . Uniques/NPCs Destroyed . | . . . . Combat | -11 -10 -10 -10 -------- Run | Yrd Mat Min Sub Hostile Shots Fired 85 | . 5 5 75 Missed 17 | . 1 2 14 Hits 68 | . 4 3 61 Projectile 68 | . 4 3 61 Critical Strikes 2 | . . . 2 Damage Taken 921 | . 112 21 788 Core 258 | . 34 . 224 Absorbed by Shields . | . . . . Ignored by Resistances 557 | . 71 15 471 Core Remaining (%) 100 | 100 . . . Volleys Fired 47 | 1 3 3 40 Largest 2 | 2 2 2 2 Hottest 80 | 80 80 80 80 Shots Fired 78 | 2 6 6 64 Gun 78 | 2 6 6 64 Cannon . | . . . . Launcher . | . . . . Special . | . . . . Kinetic . | . . . . Thermal 78 | 2 6 6 64 Explosive . | . . . . Electromagnetic . | . . . . Robot Hit Streak 32 | 2 6 7 32 Robot Miss Streak 1 | . . 1 1 Penetration Max . | . . . . Secondary Targets . | . . . . Shots Hit Robots 72 | 2 6 4 60 Core Hits 12 | . 2 2 8 Critical Kills . | . . . . Critical Parts Destroyed . | . . . . Critical Strikes . | . . . . Melee Attacks 2 | . 2 . . Impact . | . . . . Slashing . | . . . . Piercing . | . . . . Sneak Attacks 2 | . 2 . . Combat Hostiles . | . . . . Follow-up Attacks . | . . . . Damage Inflicted 366 | 22 45 46 253 Guns 365 | 22 45 45 253 Cannons . | . . . . Explosions . | . . . . Melee . | . . . . Ramming 1 | . . 1 . Kinetic . | . . . . Thermal 365 | 22 45 45 253 Explosive . | . . . . Electromagnetic . | . . . . Impact . | . . . . Slashing . | . . . . Piercing . | . . . . Highest Corruption . | . . . . Average Corruption . | . . . . Corruption Purged . | . . . . Corruption Blocked . | . . . . Overload Shots . | . . . . Overflow Damage . | . . . . Projectiles . | . . . . Explosions . | . . . . Melee . | . . . . Knockbacks . | . . . . Impact . | . . . . Kinetic . | . . . . Secondary . | . . . . Self-Inflicted Damage . | . . . . Shots . | . . . . Rammed . | . . . . Targets Rammed 1 | . . 1 . Kicked 1 | . . 1 . Crushed . | . . . . Highest Temperature 117 | 18 54 117 . Average Temperature 43 | 12 25 63 . Received Heat Transfer 312 | . . 18 294 Siege Activations . | . . . . Martial Activations . | . . . . Shielding Activations . | . . . . Robots Disrupted . | . . . . Combat Hostiles . | . . . . Robots Corrupted . | . . . . Combat Hostiles . | . . . . Parts Fried . | . . . . Impact Corruptions . | . . . . Robots Melted . | . . . . Combat Hostiles . | . . . . Parts Melted 2 | . . . 2 Heat Transferred 825 | 50 100 100 575 Parts Sabotaged . | . . . . Parts Stolen . | . . . . Parts Stripped . | . . . . Power Chain Reactions . | . . . . Alert | -11 -10 -10 -10 ------- Run | Yrd Mat Min Sub Maximum Alert Level . | . . . . Low Security (%) 100 | 100 100 100 . Level 1 . | . . . . Level 2 . | . . . . Level 3 . | . . . . Level 4 . | . . . . Level 5 . | . . . . High Security . | . . . . Max Security . | . . . . Peak Influence 35 | . 35 20 . Initial . | . . . . Average 3 | . 5 3 . Influence Increases 88 | . 53 35 . Destroy 0b10 Robot/C 60 | . 40 20 . Destroy Leader 10 | . 10 . . Successful Hack 3 | . 3 . . Lose Combat Pursuer 15 | . . 15 . Influence Decreases 88 | . 53 35 . Time Decay 88 | . 53 35 . Squads Dispatched . | . . . . Investigation . | . . . . Extermination . | . . . . Reinforcement . | . . . . Assault . | . . . . Garrison . | . . . . Intercept . | . . . . Searches Triggered . | . . . . Construction Impeded . | . . . . Haulers Reinforced . | . . . . Active Scanning Responses . | . . . . Cargo Convoy Interrupts . | . . . . Stealth | -11 -10 -10 -10 --------- Run | Yrd Mat Min Sub Distress Signals . | . . . . Communications Jammed . | . . . . Distress Signals . | . . . . Times Spotted 9 | . 3 2 4 Peak Tracking Total 3 | . 3 2 2 Tactical Retreats 1 | . . 1 . Traps | -11 -10 -10 -10 ------- Run | Yrd Mat Min Sub Traps Triggered 1 | . 1 . . Indirectly . | . . . . Trap Hack Attempts . | . . . . Triggered . | . . . . Disarmed . | . . . . Reprogrammed . | . . . . Reused . | . . . . Traps Extracted . | . . . . Installed . | . . . . Triggered . | . . . . Machines | -11 -10 -10 -10 ---------- Run | Yrd Mat Min Sub Machines Disabled . | . . . . Max in Single Turn . | . . . . Machines Repaired . | . . . . Machines Dismantled . | . . . . Machines Sabotaged . | . . . . Overloaded Fab Kills . | . . . . Hacking | -11 -10 -10 -10 --------- Run | Yrd Mat Min Sub Machines Accessed 3 | . 3 . . Terminals 2 | . 2 . . Fabricators . | . . . . Repair Stations . | . . . . Recycling Units 1 | . 1 . . Scanalyzers . | . . . . Garrison Access . | . . . . Total Hacks 7 | . 7 . . Successful 5 | . 5 . . Failed 2 | . 2 . . Catastrophic . | . . . . Database Lockouts . | . . . . Manual 3 | . 3 . . Terminals 6 | . 6 . . Fabricators . | . . . . Repair Stations . | . . . . Recycling Units 1 | . 1 . . Scanalyzers . | . . . . Garrison Access . | . . . . Terminal Hacks 2 | . 2 . . Locate Traps 1 | . 1 . . Zone Layout 1 | . 1 . . Fabricator Hacks . | . . . . Repair Station Hacks . | . . . . Recycling Unit Hacks 1 | . 1 . . Report Inventory 1 | . 1 . . Scanalyzer . | . . . . Garrison Access Hacks . | . . . . Unauthorized Hacks 2 | . 2 . . Terminals 2 | . 2 . . Botnet 2 | . 2 . . Fabricators . | . . . . Repair Stations . | . . . . Recycling Units . | . . . . Scanalyzers . | . . . . Garrison Access . | . . . . Data Cores Recovered . | . . . . Used . | . . . . Hacking Detections 3 | . 3 . . Full Trace Events . | . . . . Feedback Events . | . . . . Feedback Blocked . | . . . . Robot Schematics Acquired . | . . . . Robots Built . | . . . . Authchips . | . . . . Time . | . . . . Total Robot Build Rating . | . . . . Part Schematics Acquired . | . . . . Parts Built . | . . . . Authchips . | . . . . Time . | . . . . Total Part Build Rating . | . . . . Parts Repaired . | . . . . Time . | . . . . Parts Recycled . | . . . . Recycled Matter . | . . . . Retrieved Matter . | . . . . Retrieved Components . | . . . . Parts Scanalyzed . | . . . . Part Schematics Acquired . | . . . . Parts Damaged . | . . . . Bothacking | -11 -10 -10 -10 ------------ Run | Yrd Mat Min Sub Used RIF Installer . | . . . . Robots Hacked 1 | . 1 . . Non-combat 1 | . 1 . . Combat . | . . . . Robot Hacks Applied 2 | . 2 . . parse_system 1 | . 1 . . no_distress 1 | . 1 . . Relay Couplers Released . | . . . . Fabnet Peak Effective % . | . . . . Robots Rewired . | . . . . Allies Hacked . | . . . . Hacks Repelled . | . . . . Allies | -11 -10 -10 -10 -------- Run | Yrd Mat Min Sub Total Allies . | . . . . Largest Group . | . . . . Highest-Rated Group . | . . . . Highest-Rated Ally . | . . . . Total Orders . | . . . . Ally Attacks . | . . . . Total Damage . | . . . . Kills . | . . . . Allies Corrupted . | . . . . Allies Melted . | . . . . Intel | -11 -10 -10 -10 ------- Run | Yrd Mat Min Sub Active Infowar (turns) 613 | 59 243 152 159 Terrain 585 | 59 243 152 131 ECM 28 | . . . 28 Robot Analysis Total . | . . . . Derelict Logs Recovered 2 | . . 1 1 Drone Launches . | . . . . Drone Recoveries . | . . . . Exploration | -11 -10 -10 -10 ------------- Run | Yrd Mat Min Sub Turns Passed 720 | 74 243 152 251 Spaces Moved 346 | 35 174 68 69 Core 17 | 16 . . 1 Treads . | . . . . Legs 329 | 19 174 68 68 Wheels . | . . . . Hover . | . . . . Flight . | . . . . Fastest Speed 50 | 50 120 190 190 Average Speed 156 | 153 127 190 196 Slowest Speed 550 | 300 190 190 550 Overloaded Moves . | . . . . Propulsion Burnouts . | . . . . Robots Hopped . | . . . . Potential Cave-ins . | . . . . Cave-ins Triggered . | . . . . Exploration Rate (%) 15 | 5 35 17 5 Regions Visited 3 Branch Regions 2 Pre-discovered Areas 2 | . . 1 1 Known Exits Taken 3 | 1 1 1 . Unknown Exits Taken . | . . . . Scrap Searched . | . . . . Spaces Dug . | . . . . Terrain Destroyed . | . . . . Melee . | . . . . Projectile . | . . . . AOE . | . . . . Terrain Rammed . | . . . . Walls Destroyed . | . . . . Machines Disabled . | . . . . Actions | -11 -10 -10 -10 --------- Run | Yrd Mat Min Sub Total 440 | 49 187 84 120 Wait 22 | 4 . 12 6 Move 343 | 34 173 67 69 Hop . | . . . . Pick Up 7 | 2 3 . 2 Fast Attach 9 | 7 1 . 1 Attach 4 | . 2 . 2 Detach 1 | . 1 . . Swap 4 | 1 2 1 . Drop . | . . . . Fire 47 | 1 3 3 40 Melee 2 | . 2 . . Ram . | . . . . Kick 1 | . . 1 . Crush . | . . . . Escape Stasis . | . . . . Rewire . | . . . . Trap . | . . . . Miscellaneous . | . . . . Route ------- -11/Scrapyard -10/Materials -10/Mines -10/Subcaves (discovered 1 exit: *Mat) History --------- Turn | Location | Event 37 | -11/Scrapyard | Identified exit to Materials 37 | -11/Scrapyard | Discovered exit to Materials (range 16) 75 | -11/Scrapyard | Entered Materials 75 | -10/Materials | Evolved 1 slot: Power x1 247 | -10/Materials | Identified exit to Mines 247 | -10/Materials | Discovered exit to Mines (range 13) 303 | -10/Materials | Build established: Hacker-Mutant 318 | -10/Materials | Entered Mines 334 | -10/Mines | Met a Derelict bent on vengeance 362 | -10/Mines | Identified exit to Subcaves 362 | -10/Mines | Discovered exit to Subcaves (range 15) 372 | -10/Mines | Learned location of Storage (-8) 470 | -10/Mines | Entered Subcaves 471 | -10/Subcaves | Approached by a straggling Scientist 474 | -10/Subcaves | Learned location of Zion (-7) 653 | -10/Subcaves | Identified exit to Materials 653 | -10/Subcaves | Discovered exit to Materials (range 16) 694 | -10/Subcaves | Core integrity fell below 50% 705 | -10/Subcaves | Core integrity fell below 20% 721 | -10/Subcaves | Destroyed by 0G-GI1(R) with Subdweller Laser Last Messages --------------- 00625_ Subatomizers dissect the Disposable Heat Sink. 00630_ Acquired Scrap Shield Fragment. 00635_ Subatomizers dissect the Disposable Heat Sink. 00635_ Acquired Scrap Shield Fragment. 00638_ Acquired Sub. Power Source. 00653_ Acquired 10 matter. 00653_ EXIT=FOUND: MATERIALS 00664_ Subatomizers dissect the Disposable Heat Sink. 00675_ Sml. Laser destroyed. 00677_ Aluminum Leg destroyed. 00685_ Subatomizers dissect the Disposable Heat Sink. 00690_ Lgt. Ion Engine destroyed. 00697_ Subatomizers dissect the Disposable Heat Sink. 00708_ ECM Suite destroyed. 00709_ Sub. Monowheel melted. 00709_ OP-C0K(R) destroyed. 00710_ Subatomizers dissect the Disposable Heat Sink. 00710_ F8-E6I(O) collects matter. 00714_ 0G-GI1(R) affixes Scrap Shield Fragment to Scrap Shield. 00721_ Subatomizers dissect the Disposable Heat Sink, destroying it. Map ----- +----------------------------------------------------+ | ??????????#??????????# #?#####?## #??????????? | | ?????????"???????????# #?#### ### #??????????? | | ?????????????#########" ### # #??????????? | | ???????????"##"" ## " # # #??????????? | | ?????????? """"" " " #### #??????????? | | ?????????? """" " # #??## ##??????????? | | ???????? "" ## "## ## #???####???????????? | | ????????? ### ### ######## ##?????????????????? | | ??????????#?######"" #???### #?#???????????????? | | ???????#??????#?#" #### ##?????????????????? | | ????????????????#"" " " ###??????????????????? | | ????????????????# """ " "###????????????#??????? | | ????????????????##""" %! ### #????????????????? | | ?????????????????##""" " #???????????????? | | ??????????????????# "" " ## ##???????????????? | | ?????????????????## "" " #?? ##????????????????? | | ??????????????#### " " #?#?###?????????????????? | | ??????????????# #???????????????????????? | | ???????????#??# % #???????????????????????? | | ??????????????# R ####????????????????????? | | ??????????????##% #????????????????????? | | ???????????????# #????????????????????? | | ???????????????# % #####????????????????? | | ???????????????## #????????????????? | | ????????????????## #????????????????? | | ?????????????????## R%@ """ #????????????????? | | ??????????????????# ###" ##????????????????? | | ??????????????????## " #?? ##?????????????????? | | ???????????????????### #?? ##??????????????????? | | ?????????????????????" ????????????????????????? | | ????????????????????## ##???????????????????????? | | ????????????????????? " ????????????????????????? | | ?????????????????????" ???????????????????????? | | ????????????????????? < ???????????????????????? | | ????????????????????#" " ???????????????????????? | | ????????????????????### ??????????????????????? | | ???????????????????????#" ???????????????????????? | | ???????????????????????? ???????????????????????? | | ????????????????????????? ???????????????????????? | | ?????????????????????????????????????????????????? | | ?????????????????????????????????????????????????? | | ?????????????????????????????????????????????????? | | ?????????????????????????????????????????????????? | | ?????????????????????????????????????????????????? | | ?????????????????????????????????????????????????? | | ?????????????????????????????????????????????????? | | ?????????????????????????????????????????????????? | | ?????????????????????????????????????????????????? | | ?????????????????????????????????????????????????? | | ?????????????????????????????????????????????????? | +----------------------------------------------------+ Best States ------------- Heat Dissipation 25 Energy Generation 20 Energy Capacity 250 Matter Stores 300 Matter Capacity 300 Sight Range 16 Terrain Scan Range 14 Terrain Scan Density 10 ECM Strength 1 Resistance: KI 35 Resistance: TH 35 Resistance: EX 35 Resistance: EM 35 Resistance: I 35 Resistance: S 35 Resistance: P 35 Core Shielding 20 Evasion (%) 55 Offensive Hacking 20 Item Schematics ----------------- None Robot Schematics ------------------ None Fabricated ------------ Nothing Repaired ---------- Nothing Alien Tech Used ----------------- None Achievements -------------- None Challenges ------------ None Game ------ Seed RecyclingSkeletonAutohacker Manual? 0 Play Time 00:07:34 Cumulative 18.9 hours Start 2025.10.05 @ 21:00:51 End 2025.10.05 @ 21:07:52 Sessions 1 Manual Loads 0 Difficulty Explorer Special Mode None Game No. 23 Rogue 8 Adventurer 6 Explorer 9 Win Type - Total 3 Types 2/0/0/1/0/0/0/0/0/0 Lore% 24 Gallery% 35 Achievement% 35 Wizard Run 0 Options --------- Layout 0 ASCII 0 Keyboard 0 Movement Mouse Keybinds 0 Fullscreen 2 Font 24/Swanston Map View 76x50 Zoom Use 9% Tactical HUD 1 Map Filters NONE Filters NONE Steam 1 RUN: 6ee871d6-c43f-4bab-a89b-c434f8d3ba79